 Dungeon Crawl Stone Soup version 0.30.0-5-g1a98f26d00 (webtiles) character file.

Game seed: 5932970913013963074

562 BigDaddyOpFi the Trooper (level 7, -5/62 HPs)
             Began as a Hill Orc Fighter on May 11, 2023.
             Slain by an ogre
             ... wielding a +0 giant club
              (19 damage)
             ... on level 5 of the Dungeon.
             The game lasted 00:02:05 (1967 turns).

BigDaddyOpFi the Trooper (Hill Orc Fighter)         Turns: 1967, Time: 00:02:06

Health: -5/62      AC:  7    Str: 21    XL:     7   Next: 31%
Magic:  7/7        EV: 14    Int:  8    God:
Gold:   144        SH:  5    Dex: 10    Spells: 6/6 levels left

rFire   . . .        a - +0 war axe
rCold   . . .        c - +0 buckler
rNeg    . . .        b - +0 scale mail
rPois   .            (no helmet)
rElec   .            (no cloak)
rCorr   .            (no gloves)
SInv    .            (no boots)
Will    .....        f - amulet of magic regeneration Stlth
                     n - +5 ring of evasion
HPRegen 0.30/turn    (no ring)
MPRegen 0.50/turn

%: no passive effects
@: no status effects
A: no striking features
a: no special abilities


You were on level 5 of the Dungeon.
You visited 1 branch of the dungeon, and saw 5 of its levels.

You collected 144 gold pieces.

Inventory:

Hand Weapons
 a - a +0 war axe (weapon)
Armour
 b - a +0 scale mail (worn)
 c - a +0 buckler (worn)
Jewellery
 f - an amulet of magic regeneration (around neck)
 n - a +5 ring of evasion (left hand)
Scrolls
 e - a scroll of immolation {unknown}
 i - a scroll of magic mapping {unknown}
 k - a scroll of identify {unknown}
 o - a scroll of enchant weapon {unknown}
Potions
 d - a potion of lignification {unknown}
 g - a potion of attraction {unknown}
 j - a potion of curing {unknown}
 l - a potion of berserk rage {unknown}
 m - a potion of brilliance {unknown}


   Skills:
 + Level 5.8 Fighting
 + Level 5.6 Axes
 + Level 5.2 Armour
 + Level 5.2 Shields


You had 6 spell levels left.
You didn't know any spells.
Your spell library contained the following spells:

 Spells                   Type           Power      Damage    Failure   Level
 Ozocubu's Armour         Ice            0%         N/A       99%         3
 Petrify                  Tmut/Erth      0%         N/A       100%        4
 Metabolic Englaciation   Hex/Ice        0%         N/A       100%        5
 Statue Form              Tmut/Erth      0%         N/A       100%        6
 Ozocubu's Refrigeration  Ice            0%         4d7       100%        7


Dungeon Overview and Level Annotations

Branches:
Dungeon (6/15)
 Temple: D:4-7

Altars:


Message History

The ogre is moderately wounded.
You hit the ogre.
The ogre is heavily wounded.
The ogre hits you with a +0 giant club!
You are too injured to fight recklessly!
You are too injured to fight recklessly!
You barely miss the ogre.
The ogre is heavily wounded.
The ogre closely misses you.
You barely miss the ogre.
The ogre is heavily wounded.
The ogre hits you with a +0 giant club!!
* * * LOW HITPOINT WARNING * * *
You are confused.
You feel invigorated.
Found a whip.
You bump into the rock wall.
The ogre hits you with a +0 giant club!!
* * * LOW HITPOINT WARNING * * *
You bump into the rock wall.
The ogre barely misses you.
You bump into the rock wall.
You're too confused to move!
The ogre hits you with a +0 giant club!
* * * LOW HITPOINT WARNING * * *
You hit the ogre.
The ogre is heavily wounded.
You feel less invigorated.
You feel less confused. You block the ogre's attack.
You hit the ogre.
The ogre is severely wounded.
You block the ogre's attack.
You barely miss the ogre.
The ogre is severely wounded.
The ogre barely misses you.
You hit the ogre.
The ogre is severely wounded.
You closely miss the ogre.
The ogre is severely wounded.
The ogre hits you with a +0 giant club!!
You die...

.......#. .........
......... #........
#........ #........
#........ ###@.......
###..O.......
####............
###....(#.........
####....###..........
###....####
..........) #......##
#...........
...##....#
#...........
.###.....##
#..........


You could see an ogre.

Vanquished Creatures
  An ice beast (D:6)
  An ogre (D:6)
  A phantom (D:6)
  3 wights (D:6)
  A hound (D:6)
  Jessica (D:2)
  Robin (D:2)
  3 adders
  A worm (D:2)
  A dart slug (D:1)
  An orc (D:5)
  8 ball pythons
  A bat (D:2)
  5 endoplasms
  2 giant cockroaches (D:1)
  12 goblins
  5 hobgoblins (D:2)
  6 quokkas
  A frilled lizard (D:1)
  4 kobolds
  3 rats (D:2)
62 creatures vanquished.

Notes
Turn   | Place    | Note
-------+----------+-------------------------------------------
     0 | D:1      | BigDaddyOpFi the Hill Orc Fighter began the quest for the
                  | Orb.
     0 | D:1      | Reached XP level 1. HP: 19/19 MP: 1/1
   202 | D:1      | Reached XP level 2. HP: 24/27 MP: 2/2
   612 | D:1      | Reached XP level 3. HP: 31/33 MP: 3/3
   673 | D:2      | Noticed Robin
   683 | D:2      | Killed Robin
   768 | D:2      | Reached XP level 4. HP: 36/40 MP: 4/4
  1000 | D:2      | Noticed Jessica
  1002 | D:2      | Killed Jessica
  1080 | D:2      | Reached XP level 5. HP: 44/47 MP: 5/5
  1300 | D:3      | You fall into a shaft and drop 3 floors!
  1331 | D:6      | Noticed a phantom
  1342 | D:6      | Killed a phantom
  1358 | D:6      | Reached skill level 5 in Fighting
  1384 | D:6      | Reached XP level 6. HP: 24/56 MP: 6/6
  1387 | D:6      | Reached skill level 5 in Axes
  1389 | D:6      | Noticed an ice beast
  1412 | D:6      | Killed an ice beast
  1413 | D:6      | Reached skill level 5 in Armour
  1413 | D:6      | Reached skill level 5 in Shields
  1413 | D:6      | Reached XP level 7. HP: 18/62 MP: 7/7
  1663 | D:5      | Entered Level 5 of the Dungeon
  1967 | D:5      | Slain by an ogre

Illustrated notes

Levels and vault maps discovered:
D:1:      co_arrival_random_square_maze, layout_basic, kennysheep_crisscross
D:2:      layout_rooms, uniq_jessica, uniq_robin
D:3:      layout_loops_cross
D:5:      layout_cave_pods, mainiacjoe_overflow_tiny_flanked, serial_shops,
          nicolae_shop_back_alley_shop, hangedman_abyss_or_decor_passed
D:6:      layout_basic, minivault_5, minmay_fractal_squares_diagonal_5,
          uniq_maggie

Skill      XL: |  1  2  3  4  5  6 |
---------------+-------------------+-----
Axes           | 3 4 5 |  5.6
Fighting       | 4 5 |  5.8
Armour         | 4 5 |  5.2
Shields        | 4 5 |  5.2

Action                     |  1- 3 |  4- 6 |  7- 9 || total
---------------------------+-------+-------+-------++-------
  Melee: War axe           |    75 |    80 |    21 ||   176
    Use: Potion            |       |     3 |     1 ||     4
 Armour: Scale mail        |    32 |    42 |       ||    74
  Dodge: Dodged            |    26 |    43 |     8 ||    77
  Block: Buckler           |    20 |    24 |     4 ||    48
